 Dungeon Crawl Stone Soup version 0.26.0-10-g1f06aea511 (webtiles) character file.

Game seed: 4190498413826096712

132 Dracia the Grasshopper (level 5, -2/43 HPs)
             Began as a Gnoll Warper on Jan 15, 2021.
             Killed from afar by an orc wizard (8 damage)
             ... with a magic dart
             ... on level 3 of the Dungeon.
             The game lasted 00:02:25 (2196 turns).

Dracia the Grasshopper (Gnoll Warper)               Turns: 2196, Time: 00:02:26

Health: -2/43      AC:  3    Str: 15    XL:     5   Next: 15%
Magic:  12/12      EV: 14    Int: 15    God:
Gold:   113        SH:  0    Dex: 14    Spells: 12/14 levels left

rFire    x . .     SeeInvis .   a - +0 falchion
rCold    + . .     Faith    .   (no shield)
rNeg     . . .     Spirit   .   b - +0 leather armour
rPois    .         Reflect  .   (no helmet)
rElec    .         Harm     .   (no cloak)
rCorr    .         Rampage  .   (no gloves)
Will     .....                  (no boots)
Stlth    ++........             (no amulet)
HPRegen  0.14/turn              C - ring of ice
MPRegen  0.13/turn              (no ring)

@: no status effects
A: distributed training, fangs 1, strong nose
a: no special abilities


You were on level 3 of the Dungeon.
You visited 1 branch of the dungeon, and saw 3 of its levels.

You collected 113 gold pieces.


Innate Abilities, Weirdness & Mutations

Your experience applies equally to all skills.
You have very sharp teeth.
Your uncanny sense of smell can sniff out nearby items.


   Skills:
 + Level 4.7 Fighting
 + Level 1.4 Short Blades
 + Level 4.7 Long Blades
 + Level 1.4 Axes
 + Level 1.4 Maces & Flails
 + Level 1.4 Polearms
 + Level 1.4 Staves
 + Level 1.4 Slings
 + Level 1.4 Bows
 + Level 1.4 Crossbows
 + Level 2.9 Throwing
 + Level 2.9 Armour
 + Level 4.7 Dodging
 + Level 1.4 Stealth
 + Level 1.4 Shields
 + Level 1.4 Unarmed Combat
 + Level 5.1 Spellcasting
 + Level 1.1 Conjurations
 + Level 1.1 Hexes
 + Level 1.1 Summonings
 + Level 1.1 Necromancy
 + Level 5.5 Translocations
 + Level 1.1 Transmutations
 + Level 1.1 Fire Magic
 + Level 1.1 Ice Magic
 + Level 1.1 Air Magic
 + Level 1.1 Earth Magic
 + Level 1.1 Poison Magic
 + Level 1.5 Invocations
 + Level 1.4 Evocations


You had 12 spell levels left.
You knew the following spells:

 Your Spells              Type           Power        Failure   Level
I - Blink                 Tloc           N/A          3%          2

Your spell library contained the following spells:

 Spells                   Type           Power        Failure   Level
 Gell's Gravitas          Tloc           10%          6%          3
 Lesser Beckoning         Tloc           10%          6%          3
 Teleport Other           Tloc           20%          6%          3
 Passage of Golubria      Tloc           N/A          21%         4

Inventory:

Hand Weapons
 a - a +0 falchion (weapon)
Missiles
 e - 5 boomerangs of dispersal (quivered) {=f=f}
Armour
 b - a +0 leather armour (worn)
 f - a +0 helmet
Jewellery
 j - an uncursed ring of protection from fire {unknown}
 C - a ring of ice (left hand)
Wands
 g - a wand of disintegration (19)
Scrolls
 d - a scroll of blinking
 h - 2 scrolls of identify {unknown}
 k - a scroll of remove curse {unknown}
Potions
 c - a potion of magic {unknown}
 i - a potion of resistance

Dungeon Overview and Level Annotations

Branches:
Dungeon (3/15)

Altars:
Ashenzari
Cheibriados
Kikubaaqudgha

.....## ..... .....
.... ##..# .o. #o#
#@# #.# #.# ∆∆ ∆ #.
#.## #..#..##
#.....##############
####................
##.#####.########
#.. #.##


You could see an orc wizard (fast) and an orc.


Message History

You hit the jackal.
You kill the jackal!
The orc hits you with a +0 war axe!
* * * LOW HITPOINT WARNING * * *
Items here: ) [ ††.
You hit the orc.
The orc is almost dead.
The orc misses you.
You slash the orc!
You kill the orc!
The orc wizard gestures wildly while chanting.
The orc wizard blinks!
You hit the orc but do no damage. Your bite misses the orc.
The orc wizard mumbles some strange words.
The orc wizard blinks!
The orc closely misses you.
You closely miss the orc. The orc closely misses you. x2
You hit the orc.
The orc is heavily wounded.
The orc hits you with a +0 dagger.
* * * LOW HITPOINT WARNING * * *
You slash the orc!
You kill the orc!
You hit the orc wizard but do no damage.
The orc wizard hits you with a +0 dagger.
* * * LOW HITPOINT WARNING * * *
The orc wizard hits you but does no damage.
You hit the orc wizard but do no damage.
The orc wizard casts a spell at you. The magic dart hits you!
You die...

Skill      XL: |  1  2  3  4 |
---------------+-------------+-----
Spellcasting   | 5 |  5.1
Invocations    | 1 |  1.5
Short Blades   | 1 |  1.4
Axes           | 1 |  1.4
Maces & Flails | 1 |  1.4
Polearms       | 1 |  1.4
Staves         | 1 |  1.4
Slings         | 1 |  1.4
Bows           | 1 |  1.4
Crossbows      | 1 |  1.4
Stealth        | 1 |  1.4
Shields        | 1 |  1.4
Unarmed Combat | 1 |  1.4
Evocations     | 1 |  1.4
Conjurations   | 1 |  1.1
Hexes          | 1 |  1.1
Summonings     | 1 |  1.1
Necromancy     | 1 |  1.1
Transmutations | 1 |  1.1
Fire Magic     | 1 |  1.1
Ice Magic      | 1 |  1.1
Air Magic      | 1 |  1.1
Earth Magic    | 1 |  1.1
Poison Magic   | 1 |  1.1
Fighting       | |  4.7
Long Blades    | |  4.7
Throwing       | |  2.9
Armour         | |  2.9
Dodging        | |  4.7
Translocations | |  5.5

Action                   |  1- 3 |  4- 6 || total
-------------------------+-------+-------++-------
Melee: Falchion          |    68 |    71 ||   139
       Bite              |     6 |     4 ||    10
       Punch             |     1 |       ||     1
  Use: Potion            |       |     2 ||     2
 Stab: Sleeping          |     1 |     1 ||     2
Armor: Leather armour    |    11 |    10 ||    21
Dodge: Dodged            |    65 |    61 ||   126
       Rpst.: Falchion   |    20 |    24 ||    44

Levels and vault maps discovered:
D:1:      lemuel_arrival_behind_the_door_large, layout_loops_ring,
          dk_noncrumbling_4, hangedman_decor_points
D:2:      layout_rooms
D:3:      kennysheep_six_static_rooms, layout_basic,
          nicolae_overflow_hidden_temple, nzn_hepliaklqana_mist_gate,
          kiku_gazebo_garden_becter, cheibriados_altar_2,
          nicolae_ashenzari_panopticon

Notes
Turn   | Place    | Note
-------+----------+-------------------------------------------
     0 | D:1      | Dracia the Gnoll Warper began the quest for the Orb.
     0 | D:1      | Reached XP level 1. HP: 20/20 MP: 6/6
   224 | D:1      | Reached XP level 2. HP: 22/26 MP: 7/7
   867 | D:2      | Learned a level 2 spell: Blink
  1043 | D:2      | Reached skill level 5 in Spellcasting
  1043 | D:2      | Reached XP level 3. HP: 31/31 MP: 7/9
  1059 | D:2      | Reached skill level 1 in Invocations
  1168 | D:2      | Reached skill level 1 in Short Blades
  1168 | D:2      | Reached skill level 1 in Axes
  1168 | D:2      | Reached skill level 1 in Maces & Flails
  1168 | D:2      | Reached skill level 1 in Polearms
  1168 | D:2      | Reached skill level 1 in Staves
  1168 | D:2      | Reached skill level 1 in Slings
  1168 | D:2      | Reached skill level 1 in Bows
  1168 | D:2      | Reached skill level 1 in Crossbows
  1168 | D:2      | Reached skill level 1 in Stealth
  1168 | D:2      | Reached skill level 1 in Shields
  1168 | D:2      | Reached skill level 1 in Unarmed Combat
  1168 | D:2      | Reached skill level 1 in Evocations
  1224 | D:2      | Reached XP level 4. HP: 38/38 MP: 11/11
  1519 | D:3      | Identified 2 potions of resistance
  1522 | D:3      | Reached skill level 1 in Conjurations
  1522 | D:3      | Reached skill level 1 in Hexes
  1522 | D:3      | Reached skill level 1 in Summonings
  1522 | D:3      | Reached skill level 1 in Necromancy
  1522 | D:3      | Reached skill level 1 in Transmutations
  1522 | D:3      | Reached skill level 1 in Fire Magic
  1522 | D:3      | Reached skill level 1 in Ice Magic
  1522 | D:3      | Reached skill level 1 in Air Magic
  1522 | D:3      | Reached skill level 1 in Earth Magic
  1522 | D:3      | Reached skill level 1 in Poison Magic
  1855 | D:3      | Found a snail-covered altar of Cheibriados.
  1932 | D:3      | Found an ancient bone altar of Kikubaaqudgha.
  1986 | D:3      | Reached XP level 5. HP: 40/43 MP: 12/12
  2013 | D:3      | Found a broken altar of Ashenzari.
  2196 | D:3      | Killed from afar by an orc wizard

Vanquished Creatures
  An orc priest (D:3)
  4 adders (D:2)
  An ooze (D:3)
  A worm (D:2)
  7 orcs (D:3)
  2 giant cockroaches (D:1)
  5 goblins
  7 hobgoblins
  4 jackals (D:3)
  2 quokkas
  2 ball pythons
  5 bats
  A frilled lizard (D:2)
  5 kobolds
  4 rats
51 creatures vanquished.

Vanquished Creatures (others)
  2 withered plants (D:3)
2 creatures vanquished.

Grand Total: 53 creatures vanquished

Table legend: (Time is in decaauts)
 A = Elapsed time spent in this place.
 B = Non-inter-level travel time spent in this place.
 C = Inter-level travel time spent in this place.
 D = Time resting spent in this place.
 E = Time spent auto-exploring this place.
 F = Levels seen in this place.
 G = Mean time per level.
                   A        B        C        D        E       F      G
               +--------+--------+--------+--------+--------+-----+--------+
         Total |   2204 |   2163 |     41 |    494 |   1380 |   3 |  734.7 |
       Dungeon |   2204 |   2163 |     41 |    494 |   1380 |   3 |  734.7 |
               +--------+--------+--------+--------+--------+-----+--------+

Top non-repeatable levels by time:
     D:2: 811 daAuts
     D:3: 705 daAuts
     D:1: 687 daAuts

Table legend:
 A = Non-vault XP
 B = Vault XP
 C = Vault XP percentage of total XP
 D = Non-vault monster count
 E = Vault monster count
 F = Vault count percentage of total count
                 A         B        C        D         E       F
            +---------+---------+-------+---------+---------+-------
      Total |     189 |       0 |   0.0 |      51 |       0 |   0.0
            +---------+---------+-------+---------+---------+-------
        D:1 |      15 |       0 |   0.0 |       9 |       0 |   0.0
        D:2 |      85 |       0 |   0.0 |      20 |       0 |   0.0
        D:3 |      89 |       0 |   0.0 |      22 |       0 |   0.0
            +---------+---------+-------+---------+---------+-------
